 Dungeon Crawl Stone Soup version 0.28.0-53-g5a82cb258f (webtiles) character file.

Game seed: 11170931846111673144

91 issech the Chopper (level 4, -21/40 HPs)
             Began as a Minotaur Monk on June 8, 2022.
             Demolished by an ogre
             ... wielding a +0 giant club
              (28 damage)
             ... on level 4 of the Dungeon.
             The game lasted 00:04:27 (2234 turns).

issech the Chopper (Minotaur Monk)                  Turns: 2234, Time: 00:04:28

Health: -21/40     AC:  5    Str: 15    XL:     4   Next: 33%
Magic:  3/3        EV: 12    Int: 13    God:
Gold:   98         SH:  0    Dex: 15    Spells: 3/3 levels left

rFire   . . .      SeeInvis +   a - +0 hand axe
rCold   . . .      Faith    .   (no shield)
rNeg    . . .      Spirit   .   e - +0 ring mail
rPois   .          Reflect  .   (helmet restricted)
rElec   .          Harm     .   (no cloak)
rCorr   .          Rampage  .   (no gloves)
Will    .....                   (no boots)
Stlth   +.........              (no amulet)
HPRegen 0.13/turn               c - +6 ring of intelligence
MPRegen 0.08/turn               s - ring of see invisible

@: no status effects
A: horns 2, retaliatory headbutt
a: no special abilities


You were on level 4 of the Dungeon.
You visited 1 branch of the dungeon, and saw 4 of its levels.

You collected 98 gold pieces.

Inventory:

Hand Weapons
 a - a +0 hand axe (weapon)
Missiles
 d - 4 poisoned darts
 g - 117 stones
 k - 39 bolts
 n - 3 boomerangs (quivered)
 p - 27 arrows
Armour
 b - a +0 robe
 e - a +0 ring mail (worn)
Magical Staves
 v - a staff of conjuration
Jewellery
 c - a +6 ring of intelligence (left hand)
 s - a ring of see invisible (right hand)
Wands
 r - a wand of flame (25)
Scrolls
 f - a scroll of enchant weapon {unknown}
 h - a scroll of magic mapping {unknown}
 j - a scroll of identify {unknown}
 u - a scroll of immolation {unknown}
Potions
 i - a potion of attraction {unknown}
 l - 3 potions of curing {unknown}
 m - a potion of mutation {unknown}
 o - a potion of berserk rage {unknown}
 q - a potion of might {unknown}
 t - a potion of haste {unknown}


   Skills:
 + Level 3.8 Fighting
 + Level 4.7 Axes
 + Level 1.0 Throwing
 + Level 2.2 Armour
 + Level 3.7 Dodging
 + Level 1.9 Stealth


You had 3 spell levels left.
You didn't know any spells.
Your spell library was empty.

Dungeon Overview and Level Annotations

Branches:
Dungeon (4/15)
 Temple: D:4-7

Altars:
Gozag
Trog
Wu Jian
Zin


Innate Abilities, Weirdness & Mutations

You have a pair of horns on your head.
You reflexively headbutt those who attack you in melee.


Message History

You climb downwards.
Found a bubbling red potion.
There is a stone staircase leading up here.
The orc hits you with a +0 dagger.
You hit the orc.
You kill the orc!
You see here a +0 dagger.
There is a stone staircase leading up here.
l - 3 bubbling red potions (gained 1) HP restored.
An ogre comes into view. It is wielding a +0 giant club.
The ogre shouts!
You throw a boomerang. The boomerang hits the ogre.
The ogre is lightly wounded.
You hit the ogre but do no damage.
The ogre is lightly wounded.
The ogre hits you with a +0 giant club!
You hit the ogre.
The ogre is lightly wounded.
The ogre hits you with a +0 giant club!
You hit the ogre. Your headbutt misses the ogre.
The ogre is moderately wounded.
You barely miss the ogre.
The ogre is moderately wounded.
The ogre barely misses you.
You hit the ogre.
The ogre is heavily wounded.
The ogre closely misses you.
You hit the ogre.
The ogre is severely wounded.
The ogre hits you with a +0 giant club!
* * * LOW HITPOINT WARNING * * *
You hit the ogre but do no damage.
The ogre is severely wounded.
The ogre barely misses you.
You barely miss the ogre.
The ogre is severely wounded.
The ogre hits you with a +0 giant club!!
Ouch! That really hurt!
You die...

#. ... #.. #.#
.##..#
#.....###
#.....##
#..O@.#
###..## ##.#
#..# #####.##
#.##.## #.#..#
#...#####
#...##).####.#


You could see an ogre.

Vanquished Creatures
  A hound skeleton (D:3)
  3 adders
  3 dart slugs
  2 orcs
  6 ball pythons
  4 endoplasms
  A giant cockroach (D:1)
  2 goblins (D:1)
  4 hobgoblins
  4 kobolds
  2 quokkas
  3 bats (D:1)
  3 frilled lizards
  3 rats
41 creatures vanquished.

Notes
Turn   | Place    | Note
-------+----------+-------------------------------------------
     0 | D:1      | issech the Minotaur Monk began the quest for the Orb.
     0 | D:1      | Reached XP level 1. HP: 19/19 MP: 0/0
    42 | D:1      | Reached skill level 4 in Axes
   279 | D:1      | Reached XP level 2. HP: 26/26 MP: 1/1
   922 | D:2      | Found a faded altar of an unknown god.
  1013 | D:2      | Reached skill level 1 in Armour
  1013 | D:2      | Reached XP level 3. HP: 33/33 MP: 2/2
  1724 | D:3      | Reached XP level 4. HP: 40/40 MP: 3/3
  1791 | D:3      | Found a bloodstained altar of Trog.
  1853 | D:3      | Found an ornate altar of the Wu Jian Council.
  1914 | D:3      | Reached skill level 1 in Throwing
  2096 | D:3      | Found a glowing silver altar of Zin.
  2096 | D:3      | Found an opulent altar of Gozag.
  2223 | D:4      | Noticed an ogre
  2234 | D:4      | Demolished by an ogre

Illustrated notes

Levels and vault maps discovered:
D:1:      matt_arrival_diagonals, layout_basic,
          amcnicky_mini_rare_corridor_liquid
D:2:      layout_loops_ring, nicolae_ecumenical_pavilion,
          minmay_misc_feat_ornament, item_on_display_a
D:3:      layout_rooms, grunt_temple_overflow_gold_and_silver, minitemple
D:4:      layout_layer_cave, mainiacjoe_overflow_brackets,
          minmay_temple_entry_stoned_glass, serial_shops, nicolae_shop_trees,
          minmay_misc_feat_square, uniq_pikel

Skill      XL: |  1  2  3  4 |
---------------+-------------+-----
Axes           | 4 |  4.7
Armour         | 1 2 |  2.2
Throwing       | 1 |  1.0
Fighting       | |  3.8
Dodging        | |  3.7
Stealth        | |  1.9

Action                   |  1- 3 |  4- 6 || total
-------------------------+-------+-------++-------
Melee: Hand axe          |    52 |    20 ||    72
       Headbutt          |    11 |     3 ||    14
Throw: Dart              |     3 |       ||     3
       Boomerang         |    26 |     8 ||    34
Armor: Ring mail         |    17 |     3 ||    20
Dodge: Dodged            |    38 |    11 ||    49
